 Dungeon Crawl Stone Soup version 0.31-a0-977-gc230f8ef24 (webtiles) character file.

Game seed: 17296965285412999616

1619 BinkBink the Grappler (level 8, -5/87 HPs)
             Began as a Troll Monk on Oct 29, 2023.
             Was a Believer of Qazlal.
             Slain by a troll (13 damage)
             ... on level 6 of the Dungeon.
             The game lasted 00:04:51 (4512 turns).

BinkBink the Grappler (Troll Monk)                  Turns: 4512, Time: 00:04:51

Health: -5/87      AC:  6    Str: 22    XL:     8   Next: 64%
Magic:  7/7        EV: 10    Int:  6    God:    Qazlal [**....]
Gold:   376        SH:  0    Dex: 12    Spells: 7/7 levels left

rFire   . .          .
                       - Unarmed
rCold   . . .        c - orb {light}
rNeg    . . .        a - +0 robe
rPois   .            (helmet restricted)
rElec   .            D - +1 cloak {Will+}
rCorr   +            (gloves unavailable)
SInv    +            (boots unavailable)
Will    +....        (no amulet)
Stlth   +            o - ring of resist corrosion
HPRegen 1.14/turn    g - ring of see invisible
MPRegen 0.10/turn

%: no passive effects
@: confused, ambrosia-drunk, glowing
A: large, unfitting armour, claws 3, regeneration 1, shaggy fur 1, tough skin 1
a: Renounce Religion, Upheaval


You were on level 6 of the Dungeon.
You worshipped Qazlal.
Qazlal was pleased with you.
You visited 2 branches of the dungeon, and saw 7 of its levels.

You collected 376 gold pieces.

Inventory:

Missiles
 t - 2 throwing nets
Armour
 a - a +0 robe (worn)
 c - an orb of light (worn)
 D - a +1 cloak of willpower (worn)
Jewellery
 g - a ring of see invisible (right claw)
 o - a ring of resist corrosion (left claw)
Wands
 B - a wand of flame (19)
Scrolls
 e - 4 scrolls of identify {unknown}
 f - 2 scrolls of acquirement {unknown}
 h - a scroll of immolation {unknown}
 j - a scroll of brand weapon {unknown}
 k - a scroll of revelation {unknown}
 q - a scroll of enchant weapon {unknown}
 s - 2 scrolls of vulnerability {unknown}
 u - 2 scrolls of teleportation {unknown}
 w - 2 scrolls of fog {unknown}
 y - a scroll of blinking {unknown}
 E - a scroll of silence {unknown}
Potions
 b - a potion of ambrosia
 d - a potion of berserk rage {unknown}
 i - 3 potions of haste {unknown}
 l - a potion of mutation {unknown}
 m - 4 potions of curing {unknown}
 n - a potion of resistance {unknown}
 p - 4 potions of heal wounds {unknown}
 r - 2 potions of degeneration {unknown}
 v - 3 potions of lignification {unknown}
 x - a potion of magic {unknown}
 z - a potion of enlightenment {unknown}
 A - a potion of brilliance {unknown}
 C - a potion of might {unknown}


   Skills:
 + Level 7.0 Fighting
 - Level 2.4 Dodging
 + Level 8.3 Unarmed Combat


You had 7 spell levels left.
You didn't know any spells.
Your spell library contained the following spells:

 Spells                   Type           Power      Damage    Failure   Level
 Poisonous Vapours        Pois/Air       0%         N/A       58%         2
 Mephitic Cloud           Conj/Pois/Air  0%         N/A       83%         3
 Freezing Cloud           Conj/Ice/Air   0%         6-21      100%        5


Dungeon Overview and Level Annotations

Branches:
Dungeon (6/15)             Temple (1/1) D:6

Altars:
Ashenzari
Cheibriados
Elyvilon
Fedhas
Gozag
Hepliaklqana
Kikubaaqudgha
Makhleb
Nemelex Xobeh
Okawaru
Qazlal
Ru
Sif Muna
Uskayaw
Vehumet
Xom
Zin
The Shining One

Shops:
D:3 (

Annotations:
D:5 1 runed translucent door, Crazy Yiuf


Innate Abilities, Weirdness & Mutations

You are too large for most types of armour.
You have claws for hands.
Your natural rate of healing is unusually fast.
You are covered in fur. (AC +1)
You have tough skin. (AC +1)


Message History

You scratch the phantom.
The phantom is almost destroyed.
The phantom barely misses you.
You claw the phantom!
You destroy the phantom!
Qazlal accepts your kill.
Your Fighting skill increases to level 7!
You claw the orc!
You kill the orc!
Qazlal accepts your kill.
You barely miss the troll. The troll bites you! The troll barely misses you.
The troll claws you.
You barely miss the troll. You scratch the troll.
The troll is lightly wounded.
The troll bites you! The troll claws you! You block the troll's attack.
You claw the troll!
The troll is heavily wounded.
The troll bites you. The troll claws you.
The troll claws you but does no damage.
You scratch the troll.
The troll is severely wounded.
The troll bites you! The troll claws you!
* * * LOW HITPOINT WARNING * * *
The troll claws you!
* * * LOW HITPOINT WARNING * * *
You barely miss the troll.
The troll is severely wounded.
The troll bites you.
* * * LOW HITPOINT WARNING * * *
The troll barely misses you. x2
You scratch the troll.
The troll is severely wounded.
The troll bites you!
* * * LOW HITPOINT WARNING * * *
The troll misses you. The troll claws you.
* * * LOW HITPOINT WARNING * * *
You are confused.
You feel invigorated. The troll bites you!
You die...

#.##....###
###....##
##....###
#......##
#.##....###
#..###....##
#..#####...###
##T#.#####...####
#@#..######....###
#......## ###....#
#.......## ##....
#........## ###..
#.........# ###..
##........# #....
#.......## ##....
#.......# #.....
#......## #.....


You could see a troll.

Vanquished Creatures
  Grinder (D:6)
  A sky beast (D:6)
  A black bear (D:6)
  4 phantoms
  A howler monkey (D:4)
  2 gnoll boudas
  2 orc priests
  6 hounds
  A jelly (D:5)
  2 sleepcaps (D:5)
  3 iguanas
  8 orc wizards
  9 gnolls
  2 adders
  A white imp (D:6)
  A worm (D:3)
  4 dart slugs
  28 orcs
  11 ball pythons
  4 bats
  10 endoplasms
  14 giant cockroaches
  8 goblins
  5 hobgoblins
  8 jackals
  5 quokkas
  3 frilled lizards (D:1)
  5 kobolds
  A rat (D:1)
151 creatures vanquished.

Notes
Turn   | Place    | Note
-------+----------+-------------------------------------------
     0 | D:1      | BinkBink the Troll Monk began the quest for the Orb.
     0 | D:1      | Reached XP level 1. HP: 22/22 MP: 0/0
   146 | D:1      | Reached XP level 2. HP: 29/29 MP: 1/1
   612 | D:1      | Reached XP level 3. HP: 37/37 MP: 2/2
  1384 | D:3      | Found a blossoming altar of Fedhas.
  1437 | D:3      | Reached skill level 4 in Unarmed Combat
  1508 | D:3      | Reached XP level 4. HP: 43/45 MP: 3/3
  1654 | D:3      | Found a faded altar of an unknown god.
  1758 | D:3      | Found Borghy's Antique Weapon Boutique.
  2011 | D:3      | Found a glowing silver altar of Zin.
  2177 | D:4      | Reached XP level 5. HP: 44/54 MP: 4/4
  2388 | D:4      | Noticed a phantom
  2403 | D:4      | Killed a phantom
  2404 | D:4      | Reached skill level 5 in Unarmed Combat
  2466 | D:4      | Reached XP level 6. HP: 63/63 MP: 5/5
  2579 | D:4      | Reached skill level 5 in Fighting
  2579 | D:4      | Reached skill level 6 in Unarmed Combat
  2586 | D:4      | Reached XP level 7. HP: 72/72 MP: 6/6
  3011 | D:5      | Entered Level 5 of the Dungeon
  3361 | D:5      | Found an opulent altar of Gozag.
  3435 | D:5      | Found a shimmering blue altar of Sif Muna.
  3722 | D:5      | Reached skill level 7 in Unarmed Combat
  3867 | D:5      | Found a runed translucent door.
  3868 | D:5      | Noticed Crazy Yiuf
  3949 | D:6      | Reached XP level 8. HP: 83/83 MP: 7/7
  4169 | D:6      | Noticed Grinder
  4187 | D:6      | Killed Grinder
  4188 | D:6      | Reached skill level 8 in Unarmed Combat
  4278 | D:6      | Found a staircase to the Ecumenical Temple.
  4348 | Temple   | Entered the Ecumenical Temple
  4353 | Temple   | Became a worshipper of Qazlal Stormbringer
  4353 | Temple   | Reached * piety under Qazlal
  4353 | Temple   | Reached ** piety under Qazlal
  4481 | D:6      | Noticed a troll
  4511 | D:6      | HP: 4/87 [troll (2)]
  4512 | D:6      | Slain by a troll

Illustrated notes

Levels and vault maps discovered:
D:1:      amcnicky_arrival_underground_garden, layout_basic,
          grunt_decor_resistance, kennysheep_flooded_box
D:2:      layout_rooms
D:3:      minmay_roachtagon, layout_basic, mainiacjoe_overflow_alcove_4,
          mainiacjoe_overflow_tiny_flanked, serial_shops, shop,
          ebering_ecumenical_altar_rust, minmay_misc_feat_x
D:4:      layout_basic, st_stairs_1
D:5:      layout_basic, mainiacjoe_overflow_alcove_1, lemuel_round_altar,
          dreamdust_princess_corridor, uniq_crazy_yiuf_cottage
D:6:      layout_cave_pods, nicolae_dithmenos_through_a_glass_darkly,
          minmay_temple_entry_mist, uniq_grinder
Temple:   nicolae_temple_ecumenical_triangle

Skill      XL: |  1  2  3  4  5  6  7  8 |
---------------+-------------------------+-----
Fighting       | 3 4 5 6 7 |  7.0
Unarmed Combat | 4 5 6 7 8 |  8.3
Dodging        | |  2.4

Action                     |  1- 3 |  4- 6 |  7- 9 || total
---------------------------+-------+-------+-------++-------
  Melee: Unarmed           |    92 |   122 |   145 ||   359
    Use: Potion            |       |       |     1 ||     1
 Armour: Robe              |    61 |   101 |   103 ||   265
  Dodge: Dodged            |    46 |    67 |    57 ||   170
  Block: Orb               |       |       |     3 ||     3

Table legend: (Time is in decaauts)
 A = Elapsed time spent in this place.
 B = Non-inter-level travel time spent in this place.
 C = Inter-level travel time spent in this place.
 D = Time resting spent in this place.
 E = Time spent auto-exploring this place.
 F = Levels seen in this place.
 G = Mean time per level.
                   A        B        C        D        E       F      G
               +--------+--------+--------+--------+--------+-----+--------+
         Total |   4477 |   4317 |    160 |    259 |   3236 |   7 |  639.6 |
       Dungeon |   4466 |   4306 |    160 |    259 |   3236 |   6 |  744.3 |
        Temple |     10 |     10 |      0 |      0 |      0 |   1 |   10.0 |
               +--------+--------+--------+--------+--------+-----+--------+

Top non-repeatable levels by time:
     D:5: 894 daAuts
     D:4: 881 daAuts
     D:1: 873 daAuts
     D:3: 817 daAuts
     D:6: 577 daAuts
     D:2: 422 daAuts
  Temple: 10 daAuts
